 Dungeon Crawl Stone Soup version 0.30-a0-939-gc8157cb160 (webtiles) character file.

Game seed: 6052698693184980611

49 DeathPants the Cutter (level 3, -1/18 HPs)
             Began as a Vine Stalker Gladiator on Mar 25, 2023.
             Slain by Sigmund
             ... wielding a +0 scythe
              (3 damage)
             ... on level 2 of the Dungeon.
             The game lasted 00:03:53 (1524 turns).

DeathPants the Cutter (Vine Stalker Gladiator)      Turns: 1524, Time: 00:03:54

Health: -1/18      AC: 11    Str: 16    XL:     3   Next: 75%
Magic:  0/5        EV: 11    Int:  8    God:
Gold:   112        SH:  0    Dex: 17    Spells: 4/4 levels left

rFire   . . .      SeeInvis .    b - +2 dagger (freeze)
rCold   . . .      Faith    .    (no shield)
rNeg    . . .      Spirit   +    n - +3 ring mail
rPois   .          Reflect  .    c - +0 helmet
rElec   .          Rampage  .    f - +0 cloak
rCorr   .                        (no gloves)
Will    .....                    m - +0 pair of boots
Stlth   +                        (no amulet)
HPRegen 0.23/turn                (no ring)
MPRegen 0.09/turn                (no ring)

@: no status effects
A: fangs 2, magic shield, antimagic bite, no potion heal 2
a: no special abilities


You were on level 2 of the Dungeon.
You visited 1 branch of the dungeon, and saw 3 of its levels.

You collected 112 gold pieces.

Inventory:

Hand Weapons
 a - a +0 rapier
 b - a +2 dagger of freezing (weapon)
 i - a +1 short sword of holy wrath
Missiles
 d - 3 throwing nets (quivered)
 e - a javelin
 p - 3 poisoned darts
Armour
 c - a +0 helmet (worn)
 f - a +0 cloak (worn)
 m - a +0 pair of boots (worn)
 n - a +3 ring mail (worn)
Scrolls
 g - a scroll of magic mapping
 h - a scroll of torment {unknown}
 l - a scroll of enchant weapon {unknown}
 o - a scroll of identify {unknown}
 q - a scroll of noise {unknown}
 r - a scroll of enchant armour {unknown}
Potions
 j - 3 potions of cancellation {unknown}
 k - a potion of brilliance {unknown}
 s - a potion of curing {unknown}
 t - a potion of invisibility {unknown}


   Skills:
 + Level 2.2 Fighting
 * Level 3.3 Short Blades
 - Level 1.7 Throwing
 + Level 2.7 Dodging
 + Level 1.1 Spellcasting


You had 4 spell levels left.
You didn't know any spells.
Your spell library was empty.

Dungeon Overview and Level Annotations

Branches:
Dungeon (3/15)

Altars:

Annotations:
D:2 Sigmund


Innate Abilities, Weirdness & Mutations

You have extremely sharp teeth.
When hurt, damage is shared between your health and your magic reserves.
Your bite disrupts and absorbs the magic of your enemies.
Potions cannot restore your health.


Message History

Found a scale mail.
A kobold comes into view. It is wielding a +0 whip.
The kobold shouts!
A ball python comes into view.
The ball python hisses angrily.
The kobold completely misses you.
You closely miss the kobold. The kobold hits you but does no damage.
You hit the kobold but do no damage. The kobold barely misses you.
You hit the kobold. You freeze the kobold.
The kobold is severely wounded.
The kobold hits you but does no damage.
You miss the kobold.
The kobold is severely wounded.
The kobold misses you.
You hit the kobold. You freeze the kobold.
You kill the kobold!
You barely miss the ball python. You bite the ball python.
You kill the ball python!
Items here: ( ) ††.
Sigmund the Dreaded comes into view.
He is wielding a +0 scythe.
Sigmund shouts!
Sigmund whispers, "You'll know eternity soon."
Sigmund casts a spell.
Sigmund flickers and vanishes!
Deactivating autopickup; reactivate with Ctrl-A.
A magic dart appears from out of thin air!
The magic dart hits you. Something hits you!
You barely miss something. Your bite misses something.
You hear some strange, mumbled words.
A puff of flame appears from out of thin air!
The puff of flame hits you.
You barely miss something. You closely miss something.
Your punch misses something. Your bite misses something.
Something hits you but does no damage.
You hit something. You freeze something. You hit something.
You freeze something. Something hits you!
* * * LOW HITPOINT WARNING * * *
You closely miss something. Something hits you.
You die...

.#
#.#.........#######.#
###.. .#
#.####...#### #.#
#.... .# #.# #...#
#.# #.#.. #. ..#
#...##########.#
#.#.# # ###
##.###.........#
#.#.# #.
#.######..####)#.#
#.# #.......... #.#
#.#####.#.# #@# #.#
#.#.# #{# #.#####.#.#
#.# #..........
#.....# #######.#.#
{....$... .........
########## #########


There were no monsters in sight!

Vanquished Creatures
  An adder (D:3)
  2 dart slugs
  4 ball pythons
  2 endoplasms (D:2)
  A giant cockroach (D:2)
  3 goblins
  4 hobgoblins
  3 quokkas
  3 frilled lizards
  7 kobolds
  4 rats
34 creatures vanquished.

Notes
Turn   | Place    | Note
-------+----------+-------------------------------------------
     0 | D:1      | DeathPants the Vine Stalker Gladiator began the quest for
                  | the Orb.
     0 | D:1      | Reached XP level 1. HP: 11/11 MP: 2/2
   457 | D:1      | Reached XP level 2. HP: 15/15 MP: 3/3
   641 | D:1      | Reached skill level 3 in Short Blades
  1181 | D:2      | Reached XP level 3. HP: 18/18 MP: 5/5
  1268 | D:2      | Reached skill level 1 in Spellcasting
  1508 | D:2      | Noticed Sigmund
  1524 | D:2      | Slain by Sigmund

Illustrated notes

Levels and vault maps discovered:
D:1:      dpeg_chamrin_arrival_tetris, layout_basic, wad_floor_pattern_2
D:2:      layout_loops_ring, minmay_3d_cube, uniq_sigmund
D:3:      layout_rooms, serial_aquarium, aquarium_bridge_straight
          [aquarium_subvault_bridge, aquarium_subvault_wall,
          aquarium_subvault_bridge, aquarium_subvault_window],
          aquarium_bridge_square [aquarium_subvault_wall,
          aquarium_subvault_wall, aquarium_subvault_bridge,
          aquarium_subvault_wall], aquarium_window_fake,
          aquarium_window_corridor_2, aquarium_view_2g, aquarium_pool_2

Skill      XL: |  1  2  3 |
---------------+----------+-----
Fighting       | 2 |  2.2
Short Blades   | 3 |  3.3
Spellcasting   | 1 |  1.1
Throwing       | |  1.7
Dodging        | |  2.7

Action                     || total
---------------------------++-------
  Melee: Rapier            ||    11
         Dagger            ||    73
         Bite              ||    17
         Punch             ||     1
    Use: Scroll            ||     1
   Stab: Sleeping          ||     1
 Armour: Leather armour    ||     6
         Ring mail         ||    16
  Dodge: Dodged            ||    43

Table legend: (Time is in decaauts)
 A = Elapsed time spent in this place.
 B = Non-inter-level travel time spent in this place.
 C = Inter-level travel time spent in this place.
 D = Time resting spent in this place.
 E = Time spent auto-exploring this place.
 F = Levels seen in this place.
 G = Mean time per level.
                   A        B        C        D        E       F      G
               +--------+--------+--------+--------+--------+-----+--------+
         Total |   1514 |   1475 |     39 |      0 |   1088 |   3 |  504.7 |
       Dungeon |   1514 |   1475 |     39 |      0 |   1088 |   3 |  504.7 |
               +--------+--------+--------+--------+--------+-----+--------+

Top non-repeatable levels by time:
     D:1: 1116 daAuts
     D:2: 362 daAuts
     D:3: 35 daAuts
